IL
RENO ACES @ MEMPHIS REDBIRDS
06/08/2048
 
TOP OF THE 1ST
Reno Aces batting - Pitching for Memphis Redbirds : LHP Tsugunosuke Murakami
Pitching: LHP Tsugunosuke Murakami
Batting: RHB Roberto Rodriguez 0-0: Ball
1-0: Ball
2-0: SINGLE (Groundball, 6S, EV 63.1 MPH) (infield hit)
Batting: RHB Justin McQuarter 0-0: Called Strike
Roberto Rodriguez steals 2nd base
0-1: Called Strike
0-2: Ball
1-2: Ball
2-2: Foul Ball, location: 2F
2-2: Ball
3-2: Foul Ball, location: 2F
3-2: Ground out 4-3 (Groundball, 4, EV 89.4 MPH)
Roberto Rodriguez to third
Batting: RHB Marlon Reda 0-0: Called Strike
0-1: Foul Ball, location: 2F
0-2: Ball
1-2: Foul Ball, location: 2F
1-2: Strikes out looking
Batting: RHB Danny Gerardo 0-0: Called Strike
0-1: Called Strike
0-2: Ball
1-2: Ground out 4-3 (Groundball, 34, EV 84.4 MPH)
Top of the 1st over - 0 runs, 1 hit, 0 errors, 1 left on base; Reno 0 - Memphis 0
BOTTOM OF THE 1ST
Memphis Redbirds batting - Pitching for Reno Aces : RHP Jeff Whaley
Pitching: RHP Jeff Whaley
Batting: RHB Joe Smack 0-0: Called Strike
0-1: Ball
1-1: Swinging Strike
1-2: Ball
2-2: Strikes out swinging
Batting: SHB Dan Lash 0-0: Called Strike
0-1: Called Strike
0-2: Foul Ball, location: 2F
0-2: Fly out, F7 (Flyball, 7, EV 83.1 MPH)
Batting: RHB Jeff Brower 0-0: Foul Ball, location: 2F
0-1: Ball
1-1: Called Strike
1-2: Strikes out swinging
Bottom of the 1st over - 0 runs, 0 hits, 0 errors, 0 left on base; Reno 0 - Memphis 0
TOP OF THE 2ND
Reno Aces batting - Pitching for Memphis Redbirds : LHP Tsugunosuke Murakami
Batting: LHB Sam Dowdy 0-0: Ball
1-0: Swinging Strike
1-1: Ball
2-1: Swinging Strike
2-2: Strikes out swinging
Batting: RHB Edgar Garcia 0-0: Ball
1-0: Called Strike
1-1: Foul Ball, location: 2F
1-2: Ball
2-2: Foul Ball, location: 2F
2-2: Ball
3-2: Foul Ball, location: 2F
3-2: Base on Balls
Batting: LHB Kevin Ferguson 0-0: Foul Ball, location: 2F
0-1: Ball
1-1: Ball
2-1: Foul Ball, location: 2F
2-2: Strikes out swinging
Batting: SHB Carlos Rodriguez Pickoff Play to 1st, Runner tries for 2nd, SAFE after rundown.
0-0: Ground out 4-3 (Groundball, 4, EV 86.9 MPH)
Top of the 2nd over - 0 runs, 0 hits, 0 errors, 1 left on base; Reno 0 - Memphis 0
BOTTOM OF THE 2ND
Memphis Redbirds batting - Pitching for Reno Aces : RHP Jeff Whaley
Batting: LHB Ronnie Ashley 0-0: Called Strike
0-1: Foul Ball, location: 2F
0-2: Foul Ball, location: 2F
0-2: Foul Ball, location: 2F
0-2: Ball
1-2: Ball
2-2: Foul Ball, location: 2F
2-2: Ground out 3-1 (Groundball, 34, EV 76.2 MPH)
Batting: RHB Danny Gallo 0-0: Foul Ball, location: 2F
0-1: Ball
1-1: Ball
2-1: Foul Ball, location: 2F
2-2: Ball
3-2: Foul Ball, location: 2F
3-2: DOUBLE (Flyball, 8RXD, EV 104.4 MPH)
Batting: RHB Fabrice Bertin 0-0: Called Strike
0-1: Fly out, F6 (Popup, 6MD, EV 48.8 MPH)
Batting: LHB John Bailey 0-0: Swinging Strike
0-1: Swinging Strike
0-2: SINGLE (Flyball, 89S, EV 88.8 MPH)
Danny Gallo to third
Runner from 3rd tries for Home, SAFE, throw by RF to home
Batting: RHB Josh Martin 0-0: Ball
1-0: Ball
John Bailey steals 2nd base
2-0: Ball
3-0: Foul Ball, location: 2F
3-1: Called Strike
3-2: Foul Ball, location: 2F
3-2: Base on Balls
Batting: LHB Adam Eisen 0-0: Ball
1-0: Ball
2-0: Ball
3-0: Called Strike
3-1: Base on Balls
John Bailey to third
Josh Martin to second
Batting: RHB Joe Smack 0-0: Foul Ball, location: 2F
0-1: Fielders Choice at 2nd, 6-4 (Groundball, 56, EV 77.5 MPH)
Bottom of the 2nd over - 1 run, 2 hits, 0 errors, 3 left on base; Reno 0 - Memphis 1
TOP OF THE 3RD
Reno Aces batting - Pitching for Memphis Redbirds : LHP Tsugunosuke Murakami
Batting: RHB Jonathan Lugo 0-0: Called Strike
0-1: Foul Ball, location: 2F
0-2: Foul Ball, location: 2F
0-2: Ball
1-2: Ground out U3 (Groundball, 3, EV 90.0 MPH)
Batting: RHB Roberto Rodriguez 0-0: Ball
1-0: Ball
2-0: Ball
3-0: Base on Balls
Batting: RHB Justin McQuarter 0-0: Called Strike
0-1: Called Strike
Roberto Rodriguez steals 2nd base
0-2: Strikes out swinging
Batting: RHB Marlon Reda 0-0: Called Strike
0-1: Ball
1-1: Ball
2-1: Ball
3-1: Base on Balls
Batting: RHB Danny Gerardo 0-0: Ball
1-0: Foul Ball, location: 2F
1-1: Ball
2-1: Fielders Choice at 2nd, 6-4 (Groundball, 6, EV 80.0 MPH)
Top of the 3rd over - 0 runs, 0 hits, 0 errors, 2 left on base; Reno 0 - Memphis 1
BOTTOM OF THE 3RD
Memphis Redbirds batting - Pitching for Reno Aces : RHP Jeff Whaley
Batting: SHB Dan Lash 0-0: Called Strike
0-1: Ball
1-1: Foul Ball, location: 2F
1-2: Ball
2-2: Foul Ball, location: 2F
2-2: Foul Ball, location: 2F
2-2: Ball
3-2: Reached on error, E6 (Groundball, 6, EV 97.5 MPH)
Batting: RHB Jeff Brower 0-0: Ball
1-0: Foul Ball, location: 2F
1-1: Ball
2-1: Foul Ball, location: 2F
2-2: Fly out, F9 (Flyball, 89D, EV 80.6 MPH)
Runner from 2nd tags up, SAFE at 3rd, no throw by RF
Batting: LHB Ronnie Ashley 0-0: Ground out 5-3 (Groundball, 5, EV 102.5 MPH)
Batting: RHB Danny Gallo 0-0: Ball
1-0: SINGLE (Groundball, 6MD, EV 110.0 MPH)
Dan Lash scores
Batting: RHB Fabrice Bertin 0-0: SINGLE (Flyball, 56D, EV 90.0 MPH)
Danny Gallo to second
Batting: LHB John Bailey 0-0: Ball
1-0: Called Strike
1-1: Fly out, F7 (Flyball, 7D, EV 103.1 MPH)
Bottom of the 3rd over - 1 run, 2 hits, 1 error, 2 left on base; Reno 0 - Memphis 2
TOP OF THE 4TH
Reno Aces batting - Pitching for Memphis Redbirds : LHP Tsugunosuke Murakami
Batting: LHB Sam Dowdy 0-0: Ball
1-0: Ball
2-0: Ball
3-0: Base on Balls
Batting: RHB Edgar Garcia 0-0: Called Strike
0-1: Swinging Strike
0-2: Ball
1-2: Strikes out swinging
Batting: LHB Kevin Ferguson 0-0: Ball
1-0: Ball
2-0: Called Strike
2-1: Ball
3-1: Base on Balls
Sam Dowdy to second
Batting: SHB Carlos Rodriguez 0-0: Ball
1-0: Ball
2-0: Called Strike
2-1: Fielders Choice at 2nd, 5-4 (Groundball, 5, EV 76.9 MPH)
Sam Dowdy to third
Batting: RHB Jonathan Lugo 0-0: Called Strike
0-1: Foul Ball, location: 2F
0-2: Foul Ball, location: 2F
0-2: Ball
1-2: Foul Ball, location: 2F
1-2: Ball
2-2: Ball
3-2: Base on Balls
Carlos Rodriguez to second
Batting: RHB Roberto Rodriguez 0-0: Foul Ball, location: 2F
0-1: Fielders Choice at 2nd, 6-4 (Groundball, 6, EV 83.8 MPH)
Top of the 4th over - 0 runs, 0 hits, 0 errors, 3 left on base; Reno 0 - Memphis 2
BOTTOM OF THE 4TH
Memphis Redbirds batting - Pitching for Reno Aces : RHP Jeff Whaley
Batting: RHB Josh Martin 0-0: Ball
1-0: Swinging Strike
1-1: Ball
2-1: Foul Ball, location: 2F
2-2: SINGLE (Groundball, 6M, EV 91.9 MPH) (infield hit)
Batting: LHB Adam Eisen 0-0: Ball
1-0: Sac Bunt to 15 - play at first, batter OUT! 1-3
Josh Martin to second
Batting: RHB Joe Smack 0-0: Called Strike
0-1: Ball
1-1: Ball
2-1: Foul Ball, location: 2F
2-2: Ground out 6-3 (Groundball, 6, EV 84.4 MPH)
Josh Martin to third
Batting: SHB Dan Lash 0-0: Ground out U3 (Groundball, 34, EV 86.9 MPH)
Bottom of the 4th over - 0 runs, 1 hit, 0 errors, 1 left on base; Reno 0 - Memphis 2
TOP OF THE 5TH
Reno Aces batting - Pitching for Memphis Redbirds : LHP Tsugunosuke Murakami
Batting: RHB Justin McQuarter 0-0: Foul Ball, location: 2F
0-1: Ground out 6-3 (Groundball, 6M, EV 101.9 MPH)
Batting: RHB Marlon Reda 0-0: Ball
1-0: Fly out, F4 (Popup, 34, EV 63.1 MPH)
Batting: RHB Danny Gerardo 0-0: Ball
1-0: Swinging Strike
1-1: Swinging Strike
1-2: Ball
2-2: Ground out 1-3 (Groundball, P, EV 68.1 MPH)
Top of the 5th over - 0 runs, 0 hits, 0 errors, 0 left on base; Reno 0 - Memphis 2
BOTTOM OF THE 5TH
Memphis Redbirds batting - Pitching for Reno Aces : RHP Jeff Whaley
Batting: RHB Jeff Brower 0-0: Ball
1-0: Swinging Strike
1-1: Ball
2-1: Ball
3-1: Foul Ball, location: 2F
3-2: Ground out 6-3 (Groundball, 6, EV 84.4 MPH)
Batting: LHB Ronnie Ashley 0-0: Called Strike
0-1: Ball
1-1: Ball
2-1: Swinging Strike
2-2: SINGLE (Groundball, 6MD, EV 104.4 MPH)
Pitching: RHP Kyle Bradley
Batting: RHB Danny Gallo 0-0: Called Strike
0-1: Ball
1-1: Ball
2-1: Ball
3-1: Swinging Strike
3-2: Foul Ball, location: 2F
3-2: Base on Balls
Ronnie Ashley to second
Batting: RHB Fabrice Bertin 0-0: Swinging Strike
0-1: Ball
1-1: Swinging Strike
1-2: Ball
2-2: SINGLE (Groundball, 56D, EV 95.6 MPH)
Ronnie Ashley to third
Danny Gallo to second
Batting: LHB John Bailey 0-0: Ball
1-0: Ball
2-0: Ball
3-0: Called Strike
3-1: Foul Ball, location: 2F
3-2: Foul Ball, location: 2F
3-2: Strikes out looking
Batting: RHB Josh Martin 0-0: Fly out, F7 (Flyball, 78M, EV 91.2 MPH)
Bottom of the 5th over - 0 runs, 2 hits, 0 errors, 3 left on base; Reno 0 - Memphis 2
TOP OF THE 6TH
Reno Aces batting - Pitching for Memphis Redbirds : LHP Tsugunosuke Murakami
Batting: LHB Sam Dowdy 0-0: Swinging Strike
0-1: Foul Ball, location: 2F
0-2: Strikes out looking
Batting: RHB Edgar Garcia 0-0: Ball
1-0: Foul Ball, location: 2F
1-1: Swinging Strike
1-2: Foul Ball, location: 2F
1-2: Foul Ball, location: 2F
1-2: Ball
2-2: Foul Ball, location: 2F
2-2: Ball
3-2: Foul Ball, location: 2F
3-2: Foul Ball, location: 2F
3-2: Hit by Pitch
Pitching: RHP Josh Sabatino
Batting: LHB Kevin Ferguson 0-0: Fly out, F8 (Flyball, 8RM, EV 94.4 MPH)
Batting: SHB Carlos Rodriguez 0-0: Ball
1-0: Foul Ball, location: 2F
1-1: Ball
2-1: Foul Ball, location: 2F
2-2: Ball
3-2: Ground out 4-3 (Groundball, 4, EV 85.6 MPH)
Top of the 6th over - 0 runs, 0 hits, 0 errors, 1 left on base; Reno 0 - Memphis 2
BOTTOM OF THE 6TH
Memphis Redbirds batting - Pitching for Reno Aces : RHP Kyle Bradley
Batting: LHB Adam Eisen 0-0: Ground out 3-1 (Groundball, 34, EV 102.5 MPH)
Batting: RHB Joe Smack 0-0: Called Strike
0-1: Foul Ball, location: 2F
0-2: DOUBLE (Line Drive, 78D, EV 106.2 MPH)
Batting: SHB Dan Lash 0-0: Called Strike
0-1: Swinging Strike
0-2: Ball
1-2: SINGLE (Line Drive, 78S, EV 91.2 MPH)
Joe Smack to third
Runner from 3rd tries for Home, SAFE, throw by CF to home
Pitching: RHP Chad Toms
Batting: RHB Jeff Brower 0-0: Ball
1-0: Called Strike
1-1: Foul Ball, location: 2F
1-2: Foul Ball, location: 2F
1-2: Ball
2-2: SINGLE (Flyball, 8RS, EV 93.1 MPH)
Dan Lash to second
Runner from 2nd tries for 3rd, SAFE, throw by CF made to third
Batting: LHB Ronnie Ashley 0-0: Ball
Jeff Brower steals 2nd base
1-0: Intentional Walk
Batting: RHB Danny Gallo 0-0: Called Strike
0-1: Foul Ball, location: 2F
0-2: Ball
1-2: Ball
2-2: Ball
3-2: Base on Balls
Dan Lash scores
Jeff Brower to third
Ronnie Ashley to second
Batting: RHB Fabrice Bertin 0-0: Ball
1-0: Ball
2-0: Ball
3-0: Base on Balls
Jeff Brower scores
Ronnie Ashley to third
Danny Gallo to second
Batting: LHB John Bailey 0-0: Swinging Strike
0-1: Swinging Strike
0-2: SINGLE (Line Drive, 6MD, EV 106.9 MPH)
Ronnie Ashley scores
Danny Gallo to third
Fabrice Bertin to second
Batting: RHB Josh Martin 0-0: GRAND SLAM HOME RUN (Flyball, 78XD, EV 105.6 MPH), Distance : 413 ft
Pitching: LHP Justin Dine
Batting: LHB Adam Eisen 0-0: Called Strike
0-1: Ball
1-1: Ground out 1-3 (Groundball, P, EV 73.8 MPH)
Batting: RHB Joe Smack 0-0: Called Strike
0-1: Swinging Strike
0-2: Strikes out swinging
Bottom of the 6th over - 8 runs, 5 hits, 0 errors, 0 left on base; Reno 0 - Memphis 10
TOP OF THE 7TH
Reno Aces batting - Pitching for Memphis Redbirds : RHP Josh Sabatino
Pinch Hitting: RHB Chris Stillions 0-0: Foul Ball, location: 2F
0-1: Swinging Strike
0-2: Ball
1-2: Strikes out swinging
Batting: RHB Roberto Rodriguez 0-0: Ball
1-0: Called Strike
1-1: Foul Ball, location: 2F
1-2: Strikes out swinging
Batting: RHB Justin McQuarter 0-0: Swinging Strike
0-1: Ball
1-1: Ball
2-1: Swinging Strike
2-2: Fly out, F8 (Flyball, 8LM, EV 77.5 MPH)
Top of the 7th over - 0 runs, 0 hits, 0 errors, 0 left on base; Reno 0 - Memphis 10
BOTTOM OF THE 7TH
Memphis Redbirds batting - Pitching for Reno Aces : LHP Justin Dine
Now at 2B: Chris Stillions
Batting: SHB Dan Lash 0-0: Called Strike
0-1: Ball
1-1: Foul Ball, location: 2F
1-2: Ground out 4-3 (Groundball, 4, EV 79.4 MPH)
Batting: RHB Jeff Brower 0-0: Called Strike
0-1: Ball
1-1: Ball
2-1: Foul Ball, location: 2F
2-2: SINGLE (Groundball, 6D, EV 111.9 MPH)
Batting: LHB Ronnie Ashley 0-0: Swinging Strike
0-1: Swinging Strike
0-2: Ball
1-2: Ball
2-2: Strikes out swinging
Batting: RHB Danny Gallo 0-0: Ball
1-0: Foul Ball, location: 2F
1-1: Swinging Strike
1-2: Ball
2-2: Foul Ball, location: 2F
2-2: Foul Ball, location: 2F
2-2: Ball
3-2: Foul Ball, location: 2F
3-2: Fly out, F8 (Flyball, 8RM, EV 98.8 MPH)
Bottom of the 7th over - 0 runs, 1 hit, 0 errors, 1 left on base; Reno 0 - Memphis 10
TOP OF THE 8TH
Reno Aces batting - Pitching for Memphis Redbirds : RHP Josh Sabatino
Batting: RHB Marlon Reda 0-0: Ball
1-0: Fly out, F8 (Flyball, 8RD, EV 95.0 MPH)
Batting: RHB Danny Gerardo 0-0: Ball
1-0: Ball
2-0: Ball
3-0: Reached on error, E2 (Groundball, 2L, EV 74.4 MPH)
Batting: LHB Sam Dowdy 0-0: Called Strike
0-1: Ball
1-1: Foul Ball, location: 2F
1-2: Ball
2-2: Ball
3-2: Fielders Choice at 2nd, 3-6 (Groundball, 34, EV 108.1 MPH)
Batting: RHB Edgar Garcia 0-0: Swinging Strike
0-1: Ball
1-1: Ball
2-1: Foul Ball, location: 2F
2-2: Foul Ball, location: 2F
2-2: SINGLE (Line Drive, 7S, EV 93.1 MPH)
Sam Dowdy to second
Batting: LHB Kevin Ferguson 0-0: Ball
1-0: Called Strike
1-1: Called Strike
1-2: Ball
2-2: Reached on error, E6 (Groundball, 6, EV 88.1 MPH)
Sam Dowdy to third
Edgar Garcia to second
Batting: SHB Carlos Rodriguez 0-0: Foul Ball, location: 2F
0-1: Called Strike
0-2: Ball
1-2: Ball
2-2: Foul Ball, location: 2F
2-2: Ground out 4-3 (Groundball, 34, EV 105.6 MPH)
Top of the 8th over - 0 runs, 1 hit, 2 errors, 3 left on base; Reno 0 - Memphis 10
BOTTOM OF THE 8TH
Memphis Redbirds batting - Pitching for Reno Aces : LHP Justin Dine
Pitching: LHP Tristan Morrow
Batting: RHB Fabrice Bertin 0-0: Called Strike
0-1: Ball
1-1: Ground out 6-3 (Groundball, 6, EV 83.8 MPH)
Batting: LHB John Bailey 0-0: Called Strike
0-1: Called Strike
0-2: Strikes out swinging
Batting: RHB Josh Martin 0-0: Called Strike
0-1: Foul Ball, location: 2F
0-2: Ball
1-2: Ball
2-2: Ball
3-2: Foul Ball, location: 2F
3-2: Strikes out swinging
Bottom of the 8th over - 0 runs, 0 hits, 0 errors, 0 left on base; Reno 0 - Memphis 10
TOP OF THE 9TH
Reno Aces batting - Pitching for Memphis Redbirds : RHP Josh Sabatino
Batting: RHB Chris Stillions 0-0: Called Strike
0-1: Called Strike
0-2: Strikes out swinging
Pitching: RHP Mike Tallerico
Batting: RHB Roberto Rodriguez 0-0: Ground out U3 (Groundball, 34, EV 79.4 MPH)
Batting: RHB Justin McQuarter 0-0: Called Strike
0-1: DOUBLE (Groundball, 5L, EV 105.6 MPH)
Batting: RHB Marlon Reda 0-0: Ball
1-0: Called Strike
1-1: Foul Ball, location: 2F
1-2: Ground out 3-1 (Groundball, 34, EV 83.8 MPH)
Top of the 9th over - 0 runs, 1 hit, 0 errors, 1 left on base; Reno 0 - Memphis 10
Tuesday, March 28th , 2023 - OOTP Baseball 23.10 Build 110